Map: Dédale EC

Players

HoldTheDoor

  • Race: Protoss Protoss
  • League: Diamond
  • Spawn Location: 7:00

ipri - Winner!

  • Race: Terran Terran
  • League: Diamond
  • Spawn Location: 1:00

VOD

Have the link to the VOD?

Description

Time

  • Played on: July 15, 2018, 10:17 a.m.
  • Length: 12:32
Show
View Real Time Build Order
Export as new Build Order

HoldTheDoor Protoss 

Build Orders:  

Get SALT Encoding   

  12  0:00  Probe  
  13  0:13  Probe  
  14  0:17  Pylon  
  14  0:25  Probe  
  15  0:35  Probe  
  15  0:36  Gateway  
  16  0:43  Probe  
  16  0:44  Assimilator  
  17  0:53  Probe  
  18  1:05  Probe  
  19  1:17  Probe, Gateway  
  20  1:19  Zealot  
  22  1:35  Probe, Pylon  
  23  1:53  Probe  
  24  1:54  Pylon  
  24  1:57  Assimilator  
  24  2:05  Probe  
  25  2:10  Cybernetics Core  
  25  2:17  Probe  
  26  2:33  Pylon  
  26  2:38  Stalker, Probe  
  26  2:42  Warp Gate  
  27  2:47  Stalker  
  31  3:03  Nexus  
  31  3:06  Pylon  
  31  3:13  Stalker  
  33  3:29  Stalker  
  35  3:34  Robotics Facility  
  35  3:35  Probe  
  36  3:43  Stalker  
  38  4:07  Pylon  
  38  4:12  Immortal  
  38  4:14  Stargate  
  38  4:16  Probe  
  39  4:18  Probe  
  44  4:28  Probe  
  45  4:36  Probe  
  46  4:39  Assimilator  
  46  4:40  Probe  
  46  4:42  Immortal  
  51  4:56  Stalker x2  
  55  5:02  Oracle  
  55  5:05  Probe  
  55  5:06  Probe  
  60  5:14  Pylon  
  60  5:17  Probe  
  60  5:18  Probe  
  62  5:24  Pylon  
  62  5:25  Assimilator  
  62  5:26  Observer  
  63  5:29  Probe  
  63  5:31  Probe  
  65  5:39  Void Ray  
  69  5:49  Stalker x2  
  73  5:55  Probe  
  73  5:56  Probe, Pylon  
  75  6:07  Probe  
  76  6:15  Probe  
  77  6:19  Probe  
  78  6:31  Zealot  
  78  6:32  Zealot  
  82  6:33  Probe x2  
  82  6:34  Void Ray  
  82  6:39  Twilight Council  
  88  6:41  Pylon  
  88  6:42  Immortal  
  88  6:45  Probe  
  88  6:46  Probe  
  94  6:55  Stalker x2  
  98  7:11  Charge  
  98  7:12  Void Ray  
  98  7:15  Immortal  
  98  7:19  Zealot x2  
  106  7:29  Gateway  
  110  7:30  Gateway  
  110  7:35  Pylon  
  110  7:36  Protoss Air Armor Level 1  
  110  7:43  Forge  
  110  7:50  Forge  
  110  7:53  Probe x2  
  112  8:04  Pylon  
  112  8:12  Nexus  
  112  8:15  Pylon  
  112  8:17  Probe x2  
  112  8:19  Pylon  
  114  8:29  Immortal  
  118  8:43  Zealot x2  
  118  8:47  Probe x2  
  123  8:53  Void Ray  
  127  8:59  Probe x2  
  127  9:01  Assimilator  
  129  9:06  Observer  
  129  9:07  Assimilator  
  130  9:16  Pylon  
  130  9:22  Zealot x2  
  130  9:23  Zealot  
  130  9:24  Zealot  
  138  9:27  Pylon  
  127  9:45  Probe x3  
  128  9:57  Probe x3  
  131  10:09  Probe  
  131  10:10  Forge x2  
  131  10:14  Void Ray  
  136  10:15  Pylon  
  136  10:16  Immortal  
  136  10:18  Pylon  
  140  10:23  Templar Archives, Probe x2  
  140  10:24  Probe  
  140  10:25  Pylon  
  143  10:33  Protoss Ground Weapons Level 1  
  143  10:34  Protoss Ground Armor Level 1, Protoss Air Weapons Level 1  
  143  10:36  Stalker x3  
  143  10:37  Stalker  
  143  10:38  Probe x2  
  143  10:39  Probe  
  154  10:54  Photon Cannon  
  153  10:58  Photon Cannon  
  153  11:01  Stalker x2, Photon Cannon  
  129  11:16  Zealot x2  
  129  11:28  Probe x3  
  132  11:33  Photon Cannon  
  132  11:35  Pylon  
  132  11:40  Probe x2, Photon Cannon  
  132  11:43  Probe  
  135  11:50  Photon Cannon  
  135  11:52  Probe  
Show
View Real Time Build Order
Export as new Build Order

ipri Terran - Winner!

Build Orders: Command Center First (CC) 

Get SALT Encoding   

  12  0:02  SCV  
  13  0:14  SCV  
  13  0:20  Supply Depot  
  14  0:27  SCV  
  15  0:42  SCV  
  16  0:50  Refinery  
  17  0:57  SCV  
  17  1:09  SCV  
  18  1:21  SCV, Command Center  
  19  1:33  Barracks  
  19  1:49  Barracks  
  19  1:56  SCV  
  20  2:10  SCV  
  21  2:20  Bunker  
  21  2:21  Marine  
  22  2:23  SCV  
  23  2:30  Refinery  
  23  2:31  Refinery  
  23  2:35  Barracks  
  23  2:36  Barracks, Marine  
  24  2:39  Marine  
  24  2:43  SCV  
  26  2:45  SCV  
  27  2:55  Orbital Command  
  27  2:59  SCV  
  27  3:02  Marine  
  29  3:06  Marine  
  29  3:11  SCV  
  31  3:23  Factory  
  31  3:24  Barracks Tech Lab  
  31  3:26  Barracks Tech Lab  
  30  3:29  SCV  
  30  3:31  SCV  
  32  3:34  Marine  
  32  3:36  Marine  
  32  3:41  SCV  
  35  3:45  Orbital Command  
  35  3:54  Marauder  
  37  4:00  Supply Depot  
  37  4:02  Marine  
  38  4:10  Starport  
  38  4:21  Factory Tech Lab  
  38  4:22  SCV x2, Marauder, Marine  
  38  4:23  Supply Depot  
  43  4:29  Refinery  
  43  4:34  SCV x2  
  43  4:38  Barracks Reactor  
  45  4:40  Marine  
  45  4:44  Marine  
  45  4:45  Marauder  
  48  4:53  SCV x2  
  48  4:56  Starport Reactor  
  48  4:57  Siege Tank  
  48  4:58  Marine  
  54  5:03  Supply Depot  
  54  5:05  Supply Depot  
  54  5:10  Stimpack  
  54  5:17  Engineering Bay  
  54  5:24  SCV x2  
  54  5:25  Marauder x2  
  54  5:26  Supply Depot  
  60  5:29  Supply Depot  
  60  5:36  SCV x2  
  60  5:37  Barracks Reactor  
  62  5:46  Medivac  
  62  5:47  Medivac  
  66  5:50  Command Center  
  66  5:51  Siege Tank  
  66  5:56  Missile Turret  
  69  5:59  Supply Depot  
  69  6:03  Missile Turret  
  69  6:05  Missile Turret  
  69  6:07  Terran Infantry Weapons Level 1  
  69  6:17  Viking  
  67  6:28  SCV x2  
  67  6:32  Supply Depot  
  69  6:33  Refinery  
  69  6:35  Marine x3  
  69  6:36  Marauder  
  74  6:41  SCV x2  
  76  6:53  SCV  
  77  7:00  Supply Depot  
  77  7:01  Marauder, Marine x3  
  77  7:02  Marauder, Marine  
  77  7:06  Siege Tank  
  77  7:07  Medivac  
  90  7:10  Orbital Command  
  90  7:19  Marine x3  
  93  7:23  Marauder  
  95  7:31  Orbital Command  
  94  7:46  Marauder, Marine x3  
  94  7:47  Marauder  
  94  7:48  Siege Tank  
  94  7:50  Medivac x2  
  98  7:58  SCV x2  
  98  7:59  SCV  
  98  8:01  Supply Depot  
  100  8:06  Marine x4  
  100  8:08  Marauder x2  
  108  8:18  SCV  
  108  8:19  SCV x2  
  111  8:20  Medivac x2  
  111  8:24  Marine  
  111  8:25  Terran Infantry Armor Level 1  
  116  8:27  Barracks x2  
  116  8:28  Barracks  
  116  8:32  SCV x2  
  116  8:33  SCV  
  119  8:38  Supply Depot  
  119  8:49  Marauder x2, Marine x4  
  119  8:51  Medivac x2  
  119  8:54  SCV x2  
  133  9:00  Engineering Bay  
  133  9:01  Armory  
  133  9:05  Supply Depot  
  133  9:09  Marine x2  
  134  9:10  Marauder, Marine x2  
  134  9:14  Barracks Tech Lab x3  
  139  9:22  Ghost Academy  
  139  9:31  Marine x2  
  139  9:32  Marauder, Marine x2  
  139  9:33  Marauder x2  
  147  9:44  Marauder x2  
  133  9:48  Refinery  
  133  9:49  Marine x2  
  133  9:50  Refinery  
  135  9:53  Marauder  
  135  9:54  Marauder  
  139  10:03  Supply Depot, Viking, Personal Cloaking, Medivac  
  139  10:04  Supply Depot  
  143  10:08  Starport  
  143  10:28  Supply Depot  
  143  10:30  Supply Depot  
  143  10:32  SCV  
  143  10:34  Marauder, Marine x7  
  153  10:39  Supply Depot  
  153  10:40  Supply Depot  
  153  10:55  Marauder, Marine x5  
  153  10:56  Marauder x2, Marine  
  151  11:21  Marine x4  
  151  11:22  Marauder x3, Marine x2  
  159  11:28  Starport Reactor  
  159  11:34  SCV  
  159  11:39  Ghost, Marine  
  161  11:40  Marauder  
  161  11:42  Ghost  
  161  11:43  Viking x2  
  171  11:54  Marauder, Marine x3  
  171  11:55  Marauder  
  171  11:57  Marine  
  179  12:01  Marauder  
Tags
 
Add a new tag
Caveats
  • Supply blocks, unpowered buildings, or Contaminate may cause inaccurate times.
  • Supply counts are checked every 10 seconds.